Unix NetHack Version 3.7.0-65 Work-in-progress - last build Oct 3 2022 04:20:45 (938f679fcd32a3c70215a73001258fd12811ee3d,branch:master).

Game began 2022-10-04 16:54:01, ended 2022-10-05 20:52:24.

rustyspoon, lawful female human Valkyrie

  
unexplored area
unexplored area
unexplored area
unexplored area
unexplored area
unexplored area
unexplored area
unexplored area
unexplored area
unexplored area
unexplored area
unexplored area
unexplored area
unexplored area
unexplored area
unexplored area
unexplored area
unexplored area
unexplored area
unexplored area
unexplored area
unexplored area
unexplored area
unexplored area
unexplored area
unexplored area
unexplored area
unexplored area
unexplored area
unexplored area
unexplored area
unexplored area
unexplored area
unexplored area
unexplored area
unexplored area
unexplored area
unexplored area
unexplored area
unexplored area
unexplored area
unexplored area
unexplored area
unexplored area
unexplored area
unexplored area
unexplored area
unexplored area
unexplored area
unexplored area
unexplored area
unexplored area
unexplored area
unexplored area
unexplored area
unexplored area
unexplored area
unexplored area
unexplored area
unexplored area
unexplored area
unexplored area
unexplored area
unexplored area
unexplored area
unexplored area
unexplored area
unexplored area
unexplored area
unexplored area
unexplored area
unexplored area
unexplored area
unexplored area
unexplored area
unexplored area
unexplored area
unexplored area
unexplored area
unexplored area
unexplored area
unexplored area
unexplored area
unexplored area
unexplored area
unexplored area
unexplored area
unexplored area
unexplored area
unexplored area
unexplored area
unexplored area
unexplored area
unexplored area
unexplored area
unexplored area
unexplored area
unexplored area
unexplored area
unexplored area
unexplored area
unexplored area
unexplored area
unexplored area
unexplored area
unexplored area
unexplored area
unexplored area
unexplored area
unexplored area
unexplored area
unexplored area
unexplored area
unexplored area
unexplored area
unexplored area
unexplored area
unexplored area
unexplored area
unexplored area
unexplored area
unexplored area
unexplored area
unexplored area
unexplored area
unexplored area
unexplored area
unexplored area
unexplored area
unexplored area
unexplored area
unexplored area
unexplored area
unexplored area
unexplored area
unexplored area
unexplored area
unexplored area
unexplored area
unexplored area
unexplored area
unexplored area
unexplored area
unexplored area
unexplored area
unexplored area
unexplored area
unexplored area
unexplored area
unexplored area
unexplored area
unexplored area
unexplored area
unexplored area
unexplored area
unexplored area
unexplored area
unexplored area
unexplored area
unexplored area
unexplored area
unexplored area
unexplored area
unexplored area
unexplored area
unexplored area
unexplored area
unexplored area
unexplored area
unexplored area
unexplored area
unexplored area
unexplored area
unexplored area
unexplored area
unexplored area
unexplored area
unexplored area
unexplored area
unexplored area
unexplored area
unexplored area
unexplored area
unexplored area
unexplored area
unexplored area
unexplored area
unexplored area
unexplored area
unexplored area
unexplored area
unexplored area
unexplored area
unexplored area
unexplored area
unexplored area
unexplored area
unexplored area
unexplored area
unexplored area
unexplored area
unexplored area
unexplored area
unexplored area
unexplored area
unexplored area
unexplored area
unexplored area
unexplored area
unexplored area
unexplored area
unexplored area
unexplored area
unexplored area
unexplored area
unexplored area
unexplored area
unexplored area
unexplored area
unexplored area
unexplored area
unexplored area
unexplored area
unexplored area
unexplored area
unexplored area
unexplored area
unexplored area
unexplored area
unexplored area
unexplored area
unexplored area
unexplored area
unexplored area
unexplored area
unexplored area
unexplored area
unexplored area
unexplored area
unexplored area
unexplored area
unexplored area
unexplored area
unexplored area
unexplored area
unexplored area
unexplored area
unexplored area
unexplored area
unexplored area
unexplored area
unexplored area
unexplored area
unexplored area
unexplored area
unexplored area
unexplored area
unexplored area
unexplored area
unexplored area
unexplored area
unexplored area
unexplored area
unexplored area
unexplored area
unexplored area
unexplored area
unexplored area
unexplored area
unexplored area
unexplored area
unexplored area
wall
wall
wall
wall
wall
wall
wall
wall
wall
unexplored area
unexplored area
unexplored area
unexplored area
unexplored area
unexplored area
unexplored area
unexplored area
unexplored area
unexplored area
unexplored area
unexplored area
unexplored area
unexplored area
unexplored area
unexplored area
unexplored area
unexplored area
unexplored area
unexplored area
unexplored area
unexplored area
unexplored area
unexplored area
unexplored area
unexplored area
unexplored area
unexplored area
unexplored area
unexplored area
unexplored area
unexplored area
unexplored area
unexplored area
unexplored area
unexplored area
unexplored area
unexplored area
unexplored area
unexplored area
unexplored area
unexplored area
unexplored area
unexplored area
unexplored area
unexplored area
unexplored area
unexplored area
unexplored area
unexplored area
unexplored area
unexplored area
unexplored area
unexplored area
unexplored area
unexplored area
unexplored area
unexplored area
unexplored area
unexplored area
unexplored area
unexplored area
unexplored area
unexplored area
unexplored area
unexplored area
unexplored area
unexplored area
unexplored area
unexplored area
wall
.dark part of a room
.dark part of a room
.dark part of a room
.dark part of a room
.dark part of a room
.dark part of a room
.dark part of a room
wall
unexplored area
unexplored area
unexplored area
unexplored area
unexplored area
unexplored area
unexplored area
unexplored area
unexplored area
unexplored area
unexplored area
unexplored area
unexplored area
unexplored area
unexplored area
unexplored area
unexplored area
unexplored area
unexplored area
unexplored area
unexplored area
unexplored area
unexplored area
unexplored area
unexplored area
unexplored area
unexplored area
unexplored area
unexplored area
unexplored area
unexplored area
unexplored area
unexplored area
unexplored area
unexplored area
unexplored area
unexplored area
unexplored area
unexplored area
unexplored area
unexplored area
unexplored area
unexplored area
unexplored area
unexplored area
unexplored area
unexplored area
wall
wall
wall
wall
wall
unexplored area
unexplored area
unexplored area
unexplored area
unexplored area
unexplored area
unexplored area
unexplored area
unexplored area
unexplored area
unexplored area
unexplored area
unexplored area
unexplored area
unexplored area
unexplored area
unexplored area
unexplored area
wall
.dark part of a room
.dark part of a room
.dark part of a room
.dark part of a room
.dark part of a room
.dark part of a room
.dark part of a room
wall
unexplored area
unexplored area
unexplored area
unexplored area
unexplored area
unexplored area
unexplored area
unexplored area
unexplored area
unexplored area
unexplored area
unexplored area
unexplored area
unexplored area
unexplored area
unexplored area
unexplored area
unexplored area
wall
wall
wall
wall
wall
unexplored area
unexplored area
unexplored area
unexplored area
unexplored area
unexplored area
unexplored area
unexplored area
unexplored area
unexplored area
unexplored area
unexplored area
unexplored area
unexplored area
unexplored area
unexplored area
unexplored area
unexplored area
unexplored area
unexplored area
unexplored area
unexplored area
unexplored area
unexplored area
unexplored area
.dark part of a room
.dark part of a room
.dark part of a room
wall
unexplored area
unexplored area
unexplored area
unexplored area
unexplored area
unexplored area
unexplored area
unexplored area
unexplored area
unexplored area
unexplored area
unexplored area
unexplored area
unexplored area
unexplored area
unexplored area
unexplored area
unexplored area
wall
.dark part of a room
.dark part of a room
)a long sword
_aligned high altar
.dark part of a room
.dark part of a room
.dark part of a room
wall
unexplored area
unexplored area
unexplored area
unexplored area
unexplored area
unexplored area
unexplored area
unexplored area
unexplored area
unexplored area
unexplored area
unexplored area
unexplored area
unexplored area
unexplored area
unexplored area
unexplored area
unexplored area
wall
.dark part of a room
.dark part of a room
.dark part of a room
AAngel of Loki
unexplored area
unexplored area
unexplored area
unexplored area
unexplored area
unexplored area
unexplored area
unexplored area
AAngel of Loki
unexplored area
unexplored area
unexplored area
unexplored area
unexplored area
unexplored area
unexplored area
unexplored area
wall
wall
wall
wall
wall
wall
wall
wall
wall
.dark part of a room
.dark part of a room
wall
wall
unexplored area
unexplored area
unexplored area
unexplored area
unexplored area
unexplored area
unexplored area
unexplored area
unexplored area
unexplored area
unexplored area
unexplored area
unexplored area
unexplored area
unexplored area
unexplored area
unexplored area
wall
.dark part of a room
.dark part of a room
%a giant ant corpse
.dark part of a room
.dark part of a room
.dark part of a room
.dark part of a room
wall
unexplored area
unexplored area
unexplored area
unexplored area
unexplored area
unexplored area
unexplored area
unexplored area
unexplored area
unexplored area
unexplored area
unexplored area
unexplored area
unexplored area
unexplored area
unexplored area
unexplored area
wall
wall
.dark part of a room
@priest of Odin
wall
wall
wall
wall
wall
wall
wall
wall
wall
agiant beetle
unexplored area
unexplored area
unexplored area
unexplored area
unexplored area
unexplored area
unexplored area
unexplored area
unexplored area
wall
.dark part of a room
.dark part of a room
.dark part of a room
.dark part of a room
.dark part of a room
.dark part of a room
.dark part of a room
wall
.dark part of a room
.dark part of a room
.dark part of a room
wall
wall
unexplored area
unexplored area
unexplored area
unexplored area
unexplored area
unexplored area
unexplored area
unexplored area
unexplored area
unexplored area
unexplored area
unexplored area
unexplored area
wall
unexplored area
unexplored area
wall
.dark part of a room
.dark part of a room
.dark part of a room
.dark part of a room
.dark part of a room
.dark part of a room
.dark part of a room
wall
unexplored area
unexplored area
wall
unexplored area
unexplored area
unexplored area
unexplored area
unexplored area
unexplored area
unexplored area
unexplored area
unexplored area
unexplored area
unexplored area
unexplored area
unexplored area
wall
wall
.dark part of a room
.dark part of a room
.dark part of a room
wall
.floor of a room
uwarhorse
@priest of Loki
.floor of a room
.floor of a room
.floor of a room
.floor of a room
wall
unexplored area
unexplored area
unexplored area
unexplored area
unexplored area
unexplored area
unexplored area
unexplored area
unexplored area
unexplored area
wall
.dark part of a room
.dark part of a room
.dark part of a room
.dark part of a room
.dark part of a room
.dark part of a room
.dark part of a room
wall
.dark part of a room
.dark part of a room
%a giant mimic corpse
.dark part of a room
wall
wall
wall
.dark part of a room
unexplored area
unexplored
.dark part of a room
.dark part of a room
unexplored area
.dark part of a room
unexplored area
unexplored area
unexplored area
unexplored area
wall
.dark part of a room
unexplored area
wall
wall
wall
wall
%Death's corpse
wall
wall
wall
wall
unexplored area
.dark part of a room
wall
unexplored area
unexplored area
unexplored area
unexplored area
unexplored area
unexplored area
unexplored area
unexplored area
unexplored area
unexplored area
.dark part of a room
wall
wall
wall
.dark part of a room
.dark part of a room
.dark part of a room
AAngel of Odin
wall
Bvampire bat
.floor of a room
@priest of Loki
.floor of a room
Tice troll
.floor of a room
.floor of a room
wall
unexplored area
unexplored area
unexplored area
unexplored area
unexplored area
unexplored area
unexplored area
unexplored area
unexplored area
unexplored area
wall
.dark part of a room
.dark part of a room
.dark part of a room
_aligned high altar
.dark part of a room
.dark part of a room
%a fire ant corpse
-open door
!a potion
%a fire ant corpse
.dark part of a room
.dark part of a room
!a potion called water
-open door
%a giant beetle corpse
.dark part of a room
.dark part of a room
.dark part of a room
.dark part of a room
.dark part of a room
unexplored area
unexplored area
unexplored area
unexplored area
unexplored area
unexplored area
wall
.dark part of a room
.dark part of a room
.dark part of a room
.dark part of a room
.dark part of a room
.dark part of a room
.dark part of a room
.dark part of a room
.dark part of a room
.dark part of a room
.dark part of a room
.dark part of a room
.dark part of a room
wall
unexplored area
unexplored area
unexplored area
unexplored area
unexplored area
unexplored area
unexplored area
unexplored area
unexplored area
.dark part of a room
.dark part of a room
.dark part of a room
.doorway
@priestess of Moloch
.floor of a room
.floor of a room
.floor of a room
.floor of a room
-open door
.floor of a room
.floor of a room
.floor of a room
@invisible human valkyrie called rustyspoon
.floor of a room
.floor of a room
.floor of a room
wall
unexplored area
unexplored area
unexplored area
unexplored area
unexplored area
unexplored area
unexplored area
unexplored area
unexplored area
unexplored area
wall
.dark part of a room
.dark part of a room
.dark part of a room
*a gem
.dark part of a room
.dark part of a room
.dark part of a room
wall
.dark part of a room
%a glob of black pudding
.dark part of a room
?a scroll
wall
wall
wall
.dark part of a room
%a blue dragon corpse
.dark part of a room
.dark part of a room
.dark part of a room
.dark part of a room
unexplored area
unexplored area
unexplored area
unexplored area
unexplored area
wall
wall
wall
.dark part of a room
.dark part of a room
.dark part of a room
.dark part of a room
%a giant ant corpse
.dark part of a room
.dark part of a room
.dark part of a room
.dark part of a room
wall
wall
wall
unexplored area
unexplored area
unexplored area
unexplored area
unexplored area
.dark part of a room
.dark part of a room
.dark part of a room
.dark part of a room
.dark part of a room
.dark part of a room
wall
wall
wall
.dark part of a room
.dark part of a room
.dark part of a room
.dark part of a room
wall
.floor of a room
.floor of a room
@peaceful high priestess of Tyr
@renegade priest of Tyr
.floor of a room
.floor of a room
.floor of a room
wall
unexplored area
Dorange dragon
unexplored area
unexplored area
unexplored area
unexplored area
unexplored area
unexplored area
unexplored area
unexplored area
wall
.dark part of a room
.dark part of a room
.dark part of a room
.dark part of a room
.dark part of a room
.dark part of a room
.dark part of a room
wall
.dark part of a room
%a giant beetle corpse
.dark part of a room
wall
wall
unexplored area
wall
wall
.dark part of a room
%a black dragon corpse
.dark part of a room
.dark part of a room
.dark part of a room
unexplored area
unexplored area
unexplored area
unexplored area
unexplored area
unexplored area
unexplored area
wall
wall
wall
wall
wall
|open door
wall
wall
wall
wall
wall
unexplored area
unexplored area
unexplored area
unexplored area
unexplored area
unexplored area
unexplored area
.dark part of a room
.dark part of a room
.dark part of a room
.dark part of a room
!a potion called water
wall
wall
unexplored area
wall
wall
.dark part of a room
.dark part of a room
.dark part of a room
wall
.floor of a room
.floor of a room
.floor of a room
.floor of a room
.floor of a room
.floor of a room
.floor of a room
wall
unexplored area
unexplored area
unexplored area
unexplored area
unexplored area
unexplored area
unexplored area
unexplored area
unexplored area
unexplored area
wall
wall
wall
wall
wall
wall
wall
wall
wall
.dark part of a room
.dark part of a room
wall
wall
unexplored area
unexplored area
unexplored area
wall
wall
wall
wall
|open door
wall
unexplored area
unexplored area
unexplored area
unexplored area
unexplored area
unexplored area
unexplored area
unexplored area
unexplored area
.dark part of a room
.dark part of a room
.dark part of a room
.dark part of a room
.dark part of a room
.dark part of a room
.dark part of a room
wall
wall
unexplored area
unexplored area
unexplored area
unexplored area
unexplored area
unexplored area
wall
wall
|open door
wall
wall
wall
wall
unexplored area
unexplored area
unexplored area
wall
wall
.dark part of a room
Apeaceful invisible Angel of Tyr
wall
wall
wall
wall
wall
wall
wall
wall
wall
AAngel of Odin
unexplored area
unexplored area
unexplored area
unexplored area
unexplored area
unexplored area
unexplored area
unexplored area
unexplored area
unexplored area
unexplored area
unexplored area
unexplored area
unexplored area
unexplored area
unexplored area
unexplored area
.dark part of a room
.dark part of a room
.dark part of a room
wall
unexplored area
unexplored area
wall
wall
wall
wall
wall
.dark part of a room
.dark part of a room
.dark part of a room
wall
wall
wall
wall
wall
wall
wall
unexplored area
unexplored area
.dark part of a room
.dark part of a room
%a soldier ant corpse
%an ogre lord corpse
%a giant ant corpse
.dark part of a room
.dark part of a room
.dark part of a room
wall
wall
unexplored area
wall
wall
wall
wall
wall
.dark part of a room
.dark part of a room
.dark part of a room
unexplored area
unexplored area
unexplored area
unexplored area
unexplored area
unexplored area
unexplored area
wall
.dark part of a room
@priest of Odin
.dark part of a room
unexplored area
unexplored area
unexplored area
unexplored area
Arenegade Angel of Tyr
unexplored area
unexplored area
unexplored area
unexplored area
unexplored area
unexplored area
unexplored area
unexplored area
unexplored area
unexplored area
unexplored area
unexplored area
unexplored area
unexplored area
unexplored area
unexplored area
unexplored area
unexplored area
unexplored area
unexplored area
wall
wall
wall
wall
wall
unexplored area
wall
.dark part of a room
)a runed arrow
.dark part of a room
.dark part of a room
)a long sword
.dark part of a room
.dark part of a room
.dark part of a room
.dark part of a room
.dark part of a room
.dark part of a room
.dark part of a room
%a soldier ant corpse
.dark part of a room
wall
unexplored area
unexplored area
.dark part of a room
.dark part of a room
.dark part of a room
.dark part of a room
.dark part of a room
.dark part of a room
.dark part of a room
.dark part of a room
.dark part of a room
wall
.dark part of a room
.dark part of a room
.dark part of a room
.dark part of a room
.dark part of a room
.dark part of a room
.dark part of a room
.dark part of a room
.dark part of a room
unexplored area
unexplored area
unexplored area
unexplored area
unexplored area
unexplored area
unexplored area
wall
wall
wall
wall
wall
unexplored area
unexplored area
unexplored area
unexplored area
unexplored area
unexplored area
unexplored area
unexplored area
unexplored area
unexplored area
unexplored area
unexplored area
unexplored area
unexplored area
unexplored area
unexplored area
unexplored area
unexplored area
unexplored area
unexplored area
unexplored area
unexplored area
unexplored area
unexplored area
unexplored area
unexplored area
unexplored area
unexplored area
unexplored area
unexplored area
wall
.dark part of a room
.dark part of a room
.dark part of a room
)a runed spear
.dark part of a room
.dark part of a room
.dark part of a room
.dark part of a room
.dark part of a room
.dark part of a room
.dark part of a room
.dark part of a room
.dark part of a room
.dark part of a room
wall
unexplored area
unexplored area
.dark part of a room
.dark part of a room
.dark part of a room
%a titanothere corpse
.dark part of a room
.dark part of a room
.dark part of a room
.dark part of a room
wall
wall
.dark part of a room
.dark part of a room
.dark part of a room
wall
wall
wall
wall
unexplored area
unexplored area
unexplored area
unexplored area
unexplored area
unexplored area
unexplored area
unexplored area
unexplored area
unexplored area
unexplored area
unexplored area
unexplored area
unexplored area
unexplored area
unexplored area
unexplored area
unexplored area
unexplored area
unexplored area
unexplored area
unexplored area
unexplored area
unexplored area
unexplored area
unexplored area
unexplored area
unexplored area
unexplored area
unexplored area
unexplored area
unexplored area
unexplored area
unexplored area
unexplored area
unexplored area
unexplored area
unexplored area
unexplored area
unexplored area
unexplored area
unexplored area
unexplored area
unexplored area
wall
.dark part of a room
.dark part of a room
.dark part of a room
.dark part of a room
.dark part of a room
.dark part of a room
.dark part of a room
.dark part of a room
%a zruty corpse
.dark part of a room
.dark part of a room
)a runed bow
.dark part of a room
.dark part of a room
.dark part of a room
wall
wall
.dark part of a room
.dark part of a room
.dark part of a room
.dark part of a room
.dark part of a room
.dark part of a room
.dark part of a room
wall
wall
.dark part of a room
.dark part of a room
.dark part of a room
.dark part of a room
unexplored area
unexplored area
unexplored area
unexplored area
unexplored area
unexplored area
unexplored area
unexplored area
unexplored area
unexplored area
unexplored area
unexplored area
unexplored area
unexplored area
unexplored area
unexplored area
unexplored area
unexplored area
unexplored area
unexplored area
unexplored area
unexplored area
unexplored area
unexplored area
unexplored area
unexplored area
unexplored area
unexplored area
unexplored area
unexplored area
unexplored area
unexplored area
unexplored area
unexplored area
unexplored area
unexplored area
unexplored area
unexplored area
unexplored area
unexplored area
unexplored area
unexplored area
unexplored area
unexplored area
unexplored area
unexplored area
unexplored area
unexplored area
wall
.dark part of a room
.dark part of a room
unexplored area
unexplored area
unexplored area
.dark part of a room
.dark part of a room
.dark part of a room
.dark part of a room
.dark part of a room
.dark part of a room
.dark part of a room
.dark part of a room
stone
.dark part of a room
.dark part of a room
wall
wall
wall
wall
%a human corpse
wall
wall
wall
wall
.dark part of a room
.dark part of a room
.dark part of a room
wall
unexplored area
unexplored area
unexplored area
unexplored area
unexplored area
unexplored area
unexplored area
unexplored area
unexplored area
unexplored area
unexplored area
unexplored area
unexplored area
unexplored area
unexplored area
unexplored area
unexplored area
unexplored area
unexplored area
unexplored area
unexplored area
unexplored area
unexplored area
unexplored area
unexplored area
unexplored area
unexplored area
unexplored area
unexplored area
unexplored area
unexplored area
unexplored area
unexplored area
unexplored area
unexplored area
unexplored area
unexplored area
unexplored area
unexplored area
unexplored area
unexplored area
unexplored area
unexplored area
unexplored area
unexplored area
unexplored area
unexplored area
unexplored area
unexplored area
unexplored area
unexplored area
unexplored area
unexplored area
unexplored area
unexplored area
unexplored area
.dark part of a room
.dark part of a room
.dark part of a room
.dark part of a room
)a runed arrow
.dark part of a room
.dark part of a room
.dark part of a room
.dark part of a room
.dark part of a room
.dark part of a room
.dark part of a room
.dark part of a room
.dark part of a room
.dark part of a room
.dark part of a room
.dark part of a room
.dark part of a room
.dark part of a room
%a blue dragon corpse
.dark part of a room
.dark part of a room
unexplored area
unexplored area
unexplored area
unexplored area
unexplored area
unexplored area
unexplored area
unexplored area
unexplored area
unexplored area
unexplored area
unexplored area
unexplored area
unexplored area
unexplored area
unexplored area
unexplored area
unexplored area
unexplored area
unexplored area
unexplored area
unexplored area
unexplored area
unexplored area
unexplored area
unexplored area
unexplored area
unexplored area
unexplored area
unexplored area
unexplored area
unexplored area
unexplored area
unexplored area
unexplored area
unexplored area
unexplored area
unexplored area
unexplored area
unexplored area
unexplored area
unexplored area
unexplored area
unexplored area
unexplored area
unexplored area
unexplored area
unexplored area
unexplored area
unexplored area
unexplored area
unexplored area
unexplored area
unexplored area
unexplored area
unexplored area
unexplored area
unexplored area
wall
wall
wall
wall
unexplored area
unexplored area
unexplored area
unexplored area
wall
wall
wall
wall
wall
wall
wall
wall
wall
wall
wall
wall
unexplored area
unexplored area
unexplored area
unexplored area
unexplored area
unexplored area
unexplored area
unexplored area
unexplored area
unexplored area
unexplored area
unexplored area
unexplored area
unexplored area
unexplored area
unexplored area
unexplored area
unexplored area
unexplored area
unexplored area
unexplored area
unexplored area
unexplored area
unexplored area
unexplored area
unexplored area
unexplored area
unexplored area
unexplored area
unexplored area
unexplored area
unexplored area
unexplored area
[Rustyspoon the Warrior ] St:18/91 Dx:17 Co:18 In:15 Wi:18 Ch:14 Lawful Astral Plane $:0 HP:322(322) Pw:17(17) AC:-27 Xp:16 T:40654

Latest messages:

The bolt of fire hits you!
But it reflects from your medallion!
The Angel of Odin swings his long sword at the Angel of Loki.
The Angel of Odin hits the Angel of Loki.
The Angel of Odin swings his long sword at the Angel of Loki.
The Angel of Odin hits the Angel of Loki.
The Angel of Odin hits the Angel of Loki.
The Angel of Loki swings her long sword at the Angel of Odin.
The Angel of Loki hits the Angel of Odin.
The Angel of Loki swings her long sword at the Angel of Odin.
The Angel of Loki hits the Angel of Odin.
The Angel of Loki misses the Angel of Odin.
The high priestess intones:
"Pilgrim, you enter a sacred place!"
The warhorse turns to flee.
The Angel of Odin swings his long sword at the Angel of Loki.
The Angel of Odin hits the Angel of Loki.
The Angel of Odin swings his long sword at the Angel of Loki.
The Angel of Odin misses the Angel of Loki.
The Angel of Odin misses the Angel of Loki.
The Angel of Loki swings her long sword at the Angel of Odin.
The Angel of Loki hits the Angel of Odin.
The Angel of Loki swings her long sword at the Angel of Odin.
The Angel of Loki hits the Angel of Odin.
The Angel of Loki misses the Angel of Odin.
The priest of Loki wields a mace!
The mace welds itself to the priest of Loki's hand!
The ice troll wields a hilted polearm!
The vampire bat turns to flee.
The renegade priest of Tyr wields a mace!
The mace welds itself to the renegade priest of Tyr's hand!
The priest of Loki turns to flee.
The ice troll thrusts a hilted polearm.
A hilted polearm misses you.
The renegade priest of Tyr turns to flee.
The priest of Loki wields a mace!
The mace welds itself to the priest of Loki's hand!
There is a high altar to Tyr (lawful) here.
There is a high altar to Tyr (lawful) here.
There is a high altar to Tyr (lawful) here.
There is a high altar to Tyr (lawful) here.
There is a high altar to Tyr (lawful) here.
There is a high altar to Tyr (lawful) here.
What do you want to sacrifice? [U or ?*]
You offer the Amulet of Yendor to Tyr...
An invisible choir sings, and you are bathed in radiance...
The voice of Tyr rings out: "Mortal, thou hast done well!"
"In return for thy service, I grant thee the gift of Immortality!"
You ascend to the status of Demigoddess...
Do you want your possessions identified? [ynq] (y)

Inventory:

Amulets

V - a cursed amulet of reflection (being worn)

Weapons

a - the blessed rustproof +6 Excalibur (wielded in right hand)
w - a blessed greased +6 silver saber (wielded in left hand)

Armor

A - a blessed +5 Hawaiian shirt with a ukulele motif (being worn)
B - an uncursed greased +4 gray dragon scale mail (being worn)
C - an uncursed thoroughly burnt very rotted +0 cloak of displacement (being worn)
D - a blessed greased +2 pair of speed boots (being worn)
E - a blessed +0 pair of gauntlets of dexterity (being worn)
F - a blessed rustproof +5 helm of telepathy (being worn)

Comestibles

L - an uncursed lizard corpse named MCD

Scrolls

T - an uncursed scroll of destroy armor

Spellbooks

H - the uncursed Book of the Dead

Rings

J - a blessed ring of conflict (on right hand)
M - a blessed ring of free action (on left hand)

Wands

z - an uncursed wand of digging (0:0)
K - an uncursed wand of death (1:0)
P - an uncursed wand of death (1:4)
Q - an uncursed wand of death (0:3)
R - an uncursed wand of teleportation named empty (0:0)
Z - an uncursed wand of teleportation (0:3)

Tools

b - a blessed greased bag of holding containing 81 items
e - a blessed stethoscope
k - an uncursed skeleton key
n - a blessed magic marker (0:9)
s - an uncursed oilskin sack named cancellation containing 4 items
t - a blessed blindfold
u - a blessed +0 unicorn horn named L;
G - the uncursed Candelabrum of Invocation (0 of 7 candles attached)
N - the uncursed Bell of Opening (0:0)
O - the blessed Orb of Fate (0:5)

Contents of the bag of holding:

an uncursed amulet of life saving
an uncursed amulet of flying
an uncursed +0 pair of water walking boots
an uncursed +0 mummy wrapping
8 uncursed food rations
an uncursed lizard corpse named KFC
a blessed scroll of scare monster
2 blessed scrolls of scare monster
5 blessed scrolls of blank paper
16 uncursed scrolls of blank paper
4 blessed scrolls of charging
2 uncursed scrolls of create monster
2 uncursed scrolls of earth
2 blessed scrolls of enchant weapon
an uncursed scroll of enchant weapon
4 blessed scrolls of fire
3 blessed scrolls of identify
a blessed scroll of remove curse
an uncursed scroll of remove curse
2 uncursed scrolls of taming
a blessed scroll of teleportation
an uncursed scroll of teleportation
18 potions of holy water
an uncursed potion of water
4 potions of unholy water
an uncursed diluted potion of extra healing
4 blessed diluted potions of full healing
2 uncursed potions of full healing
a blessed potion of healing
2 uncursed potions of paralysis
3 uncursed potions of restore ability
an uncursed ring of conflict
an uncursed ring of free action
an uncursed ring of free action
a blessed +2 ring of increase damage
a blessed ring of levitation
an uncursed ring of levitation
an uncursed ring of levitation
an uncursed +3 ring of protection
an uncursed ring of regeneration
a cursed ring of regeneration
an uncursed ring of shock resistance
an uncursed ring of shock resistance
an uncursed ring of shock resistance
a blessed ring of teleport control
an uncursed ring of teleport control
an uncursed ring of teleport control
an uncursed wand of digging (0:5)
an uncursed wand of digging (0:4)
an uncursed wand of digging (0:4)
an uncursed wand of digging (0:4)
an uncursed wand of digging (0:3)
an uncursed wand of digging (0:4)
an uncursed wand of digging (0:5)
an uncursed wand of digging (0:8)
an uncursed wand of fire (0:7)
an uncursed wand of fire (0:5)
an uncursed wand of fire (0:0)
an uncursed wand of fire (0:4)
an uncursed wand of fire (0:5)
an uncursed wand of lightning (0:3)
an uncursed wand of lightning (0:6)
an uncursed wand of lightning (0:0)
an uncursed wand of secret door detection (0:15)
an uncursed wand of secret door detection (0:12)
an uncursed wand of sleep (0:2)
an uncursed wand of sleep (0:7)
an uncursed wand of sleep (0:5)
an uncursed wand of speed monster (0:5)
an uncursed wand of striking (0:3)
an uncursed wand of striking (0:4)
an uncursed wand of teleportation (0:2)
an uncursed bugle
5 uncursed wax candles
2 uncursed tallow candles
an uncursed brass lantern
an uncursed magic whistle
an uncursed oil lamp
an uncursed +0 pick-axe
an uncursed amethyst stone
a blessed luckstone

Contents of the oilskin sack named cancellation:

an uncursed wand of cancellation (0:2)
an uncursed wand of cancellation (0:3)
an uncursed wand of cancellation (0:4)
an uncursed wand of cancellation (0:5)

Rustyspoon the Valkyrie's attributes:


Background:

You were a Warrior, a level 16 human Valkyrie.
You were lawful, on a mission for Tyr
who was opposed by Odin (neutral) and Loki (chaotic).
You were in the endgame, on the Astral Plane.
You entered the dungeon 40654 turns ago.
You had 347502 experience points, 292498 more were needed to attain level 17.

Basics:

You had all 322 hit points.
You had all 17 energy points (spell power).
Your armor class was -27.
Your wallet was empty.
Autopickup was off.

Final Characteristics:

Your strength was 18/91 (limit:18/100).
Your dexterity was 17 (peak:18, limit:18).
Your constitution was 18 (limit:18).
Your intelligence was 15 (limit:18).
Your wisdom was 18 (limit:18).
Your charisma was 14 (limit:18).

Final Status:

You were not hungry.
You were unencumbered.
You were wielding two weapons at once.
You were skilled in long sword and two weapons.
Your two weapon skill was limited by being basic with saber.
You could have enhanced skill with long sword.

Final Attributes:

You were the Hand of Elbereth.
You were piously aligned.
You were magic-protected.
You were fire resistant.
You were cold resistant.
You were sleep resistant.
You were disintegration resistant.
You were shock resistant.
You were poison resistant.
You were level-drain resistant.
You saw invisible.
You were telepathic.
You were warned.
You had automatic searching.
You were invisible to others.
You were displaced.
You were stealthy.
You caused conflict.
You had a moderate defense bonus (+9).
You were warded.
You took half physical damage.
You took half spell damage.
You were very fast.
You had reflection.
You had free action.
You were extremely lucky.
You had extra luck.
Good luck did not time out for you.
You survived.

Miscellaneous:
You never encountered a bones level.
Total elapsed playing time was 5 hours, 24 minutes and 28 seconds.

Major events:

Turn

1: rustyspoon the lawful human Valkyrie entered the dungeon
1139: entered the Gnomish Mines
1760: attained the rank of Skirmisher (level 3)
3538: attained the rank of Fighter (level 6)
3604: reached Mine Town
4574: made her first wish - "blessed greased +2 gray dragon scale mail", got "a greased gray dragon scale mail"
5612: entered Sokoban
6021: completed 1st Sokoban level
6635: completed 2nd Sokoban level
6940: completed 3rd Sokoban level
7924: completed 4th Sokoban level
8190: received Excalibur from a strange woman laying about in a pond
8409: acquired the Sokoban amulet of reflection
11476: attained the rank of Woman-at-arms (level 10)
14828: entered the Bigroom
18070: was bestowed with Mjollnir by Tyr
25478: killed Medusa
26395: attained the rank of Warrior (level 14)
27999: wished for "2 blessed scrolls of charging", got "a scroll called 300 GAR"
28004: wished for "blessed greased bag of holding", got "a greased bag"
28008: wished for "blessed greased +2 boots of speed", got "a greased pair of combat boots"
30731: found the Orb of Fate on the floor
30775: killed Lord Surtur
30778: acquired the Bell of Opening
32914: was crowned "The Hand of Elbereth" by Tyr
33290: entered Gehennom
33569: wished for "blessed magic marker", got "a magic marker"
33650: wished for "blessed greased +2 silver saber", got "a greased silver saber"
35421: killed the invisible Asmodeus
35524: killed Juiblex
35829: killed the invisible Baalzebub
36086: performed her first genocide (class L)
36561: destroyed Vlad the Impaler
36563: acquired the Candelabrum of Invocation
36728: killed Orcus
38732: killed the Wizard of Yendor
38733: acquired the Book of the Dead
38813: performed the invocation
38944: killed the invisible high priestess of Moloch
38955: acquired The Amulet of Yendor
39672: killed the Wizard of Yendor (2nd time)
40142: killed the Wizard of Yendor (3rd time)
40236: entered the Elemental Planes
40236: entered Plane of Earth
40304: entered Plane of Air
40339: entered Plane of Fire
40371: entered Plane of Water
40375: genocided class ;
40493: entered the Astral Plane
40512: killed Famine
40538: killed Famine (2nd time)
40554: killed Famine (3rd time)
40604: found Snickersnee carried by a monster
40611: killed Death
40623: killed Death (2nd time)
40643: killed Pestilence
40654: ascended

Vanquished creatures:

Asmodeus
Baalzebub
Orcus
Juiblex
the Wizard of Yendor (4 times)
Death (twice)
Pestilence
Famine (thrice)
Vlad the Impaler
a high cleric
Medusa
11 krakens
3 iron golems
3 master liches
3 balrogs
6 purple worms
2 gray dragons
3 silver dragons
3 red dragons
a white dragon
2 orange dragons
4 black dragons
a blue dragon
5 green dragons
2 yellow dragons
12 minotaurs
a jabberwock
Lord Surtur
4 baluchitheria
3 Angels
a master mind flayer
4 Olog-hai
a Nazgul
3 pit fiends
2 sandestins
3 displacer beasts
7 titanotheres
a trapper
a guardian naga
a genetic engineer
3 disenchanters
21 vampire leaders
3 skeletons
3 aligned clerics
4 captains
6 shades
6 liches
2 nurses
4 ice devils
2 nalfeshnees
a lurker above
2 frost giants
3 ettins
a golden naga
10 black puddings
31 vampires
4 lieutenants
31 ghosts
2 queen bees
2 winged gargoyles
a mind flayer
8 giant mimics
6 long worms
5 zruties
35 fire giants
3 ogre tyrants
8 rock trolls
5 umber hulks
a flesh golem
2 elven monarchs
3 doppelgangers
6 hezrous
3 bone devils
9 large mimics
8 stalkers
4 air elementals
4 fire elementals
5 earth elementals
7 water elementals
12 hill giants
a giant mummy
a black naga
7 xorns
16 giant zombies
9 elf-nobles
11 sergeants
6 barbed devils
8 vrocks
3 salamanders
21 wargs
2 winter wolves
2 hell hound pups
10 small mimics
3 glass piercers
4 warhorses
a steam vortex
9 xans
5 ettin mummies
5 ogre leaders
3 quantum mechanics
11 trolls
a sasquatch
a wood golem
an erinys
3 mariliths
8 sharks
8 electric eels
7 gelatinous cubes
3 pyrolisks
5 large dogs
3 freezing spheres
13 flaming spheres
7 shocking spheres
5 large cats
2 tigers
5 gargoyles
a tengu
6 ochre jellies
7 leocrottas
an energy vortex
4 mountain centaurs
4 stone giants
4 elf mummies
2 human mummies
2 red nagas
2 pythons
5 pit vipers
4 cobras
35 wraiths
5 carnivorous apes
20 ettin zombies
3 leather golems
16 Grey-elves
58 soldiers
a watchman
an amorous demon
4 horned devils
5 chameleons
3 crocodiles
14 giant beetles
4 quivering blobs
17 cockatrices
15 wolves
3 winter wolf cubs
3 lynxes
a panther
3 gremlins
a spotted jelly
69 leprechauns
2 orc-captains
an iron piercer
a mumak
9 giant spiders
3 scorpions
6 horses
6 black lights
12 vampire bats
a gnome ruler
2 orc mummies
a dwarf mummy
7 ogres
6 brown puddings
7 rust monsters
13 owlbears
6 yetis
3 gold golems
4 werewolves
2 Green-elves
5 piranha
14 giant eels
17 lizards
a warrior
a chickatrice
3 dingoes
2 dogs
2 housecats
6 jaguars
4 blue jellies
4 gray unicorns
a black unicorn
4 dust vortices
30 ravens
a plains centaur
a gnome mummy
5 snakes
16 apes
15 human zombies
2 rope golems
8 Woodland-elves
43 soldier ants
51 fire ants
14 bugbears
4 imps
3 lemures
5 quasits
9 wood nymphs
5 water nymphs
4 mountain nymphs
5 Mordor orcs
18 Uruk-hai
2 orc shamans
6 rock piercers
2 rock moles
4 ponies
4 fog clouds
6 yellow lights
2 shriekers
9 violet fungi
23 gnome leaders
2 gnomish wizards
3 kobold mummies
a golden naga hatchling
2 gray oozes
4 barrow wights
11 elf zombies
9 ghouls
3 straw golems
5 paper golems
7 jellyfish
36 giant ants
a little dog
12 floating eyes
2 kittens
10 dwarves
5 homunculi
6 kobold leaders
a kobold shaman
40 hill orcs
14 rothes
a centipede
a giant bat
4 monkeys
10 orc zombies
13 dwarf zombies
2 wererats
3 werejackals
16 iguanas
68 killer bees
4 acid blobs
a coyote
2 gas spores
6 hobbits
a manes
a large kobold
6 hobgoblins
2 giant rats
10 cave spiders
6 brown molds
2 yellow molds
a green mold
2 red molds
69 gnomes
7 garter snakes
15 gnome zombies
13 geckos
10 jackals
2 foxes
6 kobolds
2 goblins
3 sewer rats
5 grid bugs
13 lichens
12 kobold zombies
6 newts
1872 creatures vanquished.

Genocided species:

liches
demiliches
master liches
arch-liches
jellyfish
piranha
sharks
giant eels
electric eels
krakens
10 species genocided.

Voluntary challenges:

You read items or engraved 96 times.
You engraved Elbereth 3 times.
You genocided 10 types of monsters.
You never changed form.
You used 6 wishes.
You did not wish for any artifacts.
You did not violate any of the special Sokoban rules.

Achievements:

You entered a shop.
You entered the Gnomish Mines.
You attained the rank of Skirmisher.
You attained the rank of Fighter.
You entered Minetown.
You entered a temple.
You entered Sokoban.
You completed Sokoban.
You attained the rank of Woman-at-arms.
You entered the Big Room.
You defeated Medusa.
You learned the tune to open and close the Castle's drawbridge.
You attained the rank of Warrior.
You had the Bell of Opening.
You entered Gehennom.
You had the Candelabrum of Invocation.
You had the Book of the Dead.
You gained access to Moloch's Sanctum.
You reached the Elemental Planes.
You reached the Astral Plane.
You delivered the Amulet of Yendor.
You ascended!

The Elemental Planes:

   Astral Plane: <- You are here.
Many temples.
Plane of Water:
Plane of Fire:
Plane of Air:
Plane of Earth:

The Dungeons of Doom: levels 1 to 26

   Level 1:
A fountain, a sink.
One way stairs up to The Elemental Planes.
Level 2: "cursed magical gloves in shop, backup mithril in shop"
A general store.
Level 3: "ring store ($2112)"
A jewelers, a fountain.
Stairs down to The Gnomish Mines.
Level 4:
Some fountains.
Level 5:
Many fountains.
Oracle of Delphi.
Level 6:
Stairs up to Sokoban, level 5.
Level 7:
A sink.
Level 8: "/oCM under 0"
Some altars to Tyr.
Level 9:
A fountain.
Level 10:
Many trees.
A very big room.
Level 11:
Level 12:
A fountain, a grave.
Portal to The Quest.
Level 13: "stash chest _ (mojo)"
An altar to Tyr.
Level 14:
Some fountains.
Level 15:
A primitive area.
Level 16:
A fountain.
Level 17: "barracks"
A fountain.
Level 18: "polytraps"
Some fountains.
Level 19:
A fountain.
Level 20:
A fountain.
Level 21: "stash chest holy water <"
An altar to Tyr, many fountains, a grave.
Level 22:
Level 23:
Some fountains, a grave.
Level 24:
A health food store, an altar to Tyr.
Level 25:
A fountain, many trees.
Level 26:
The castle.
Connection to Gehennom.

Gehennom: levels 27 to 46

   Level 27: "backup holding _"
A temple, many graves.
Valley of the Dead.
Level 28:
Level 29:
Level 30:
Level 31:
Level 32:
Level 33: "uni stash >"
A fountain.
Level 34:
Level 35:
Level 36:
Level 37:
Some shops, an altar, a grave.
Stairs up to Vlad's Tower, level 36.
Level 38:
Level 39:
Level 40:
Level 41:
Level 42:
Level 43:
Level 44:
Level 45:
Level 46:
A temple, many graves.
Moloch's Sanctum.

The Gnomish Mines: levels 4 to 12

   Level 4:
Level 5:
Level 6: "stash temple"
Many shops, a temple to Tyr, many fountains.
Level 7:
Level 8: "stash >"
Level 9:
Level 10:
Level 11:
Level 12:
Some fountains.

The Quest: levels 1 to 6

   Level 1:
A fountain.
Completed quest for the Norn.
Level 2:
Level 3:
Level 4:
Level 5:
Level 6:

Sokoban: levels 5 up to 2

   Level 2: "coaligned uni in zoo"
Solved.
Level 3:
Solved.
Level 4:
Solved.
Level 5:
Solved.

Vlad's Tower: levels 36 up to 34

   Level 34:
Level 35: "stash closet"
Level 36:

Farvel rustyspoon the Demigoddess...


You went to your reward with 2010392 points,
Excalibur (worth 4000 zorkmids and 10000 points)
The Candelabrum of Invocation (worth 5000 zorkmids and 12500 points)
The Book of the Dead (worth 10000 zorkmids and 25000 points)
The Bell of Opening (worth 5000 zorkmids and 12500 points)
The Orb of Fate (worth 3500 zorkmids and 8750 points)
and 0 pieces of gold, after 40654 moves.
You were level 16 with a maximum of 322 hit points when you ascended.